General information
- name: BNet
- type: Ladder team game (AT/RT)
- host: Battle.net
- saver: parastaennen.fi
map: FullScaleAssault
- players: 8
- length: 51:09
- speed: Fast
- version: 1.21 W3XP
- replay type:

» download(373 KB)
Players
team 1 (loser)
Luaaan (
red | 90 APM | 2001 actions | 22:18)
6 Tauren Chieftain
2 War Stomp
3 Endurance Aura
1 Reincarnation
» actions
| Assign group hotkey | 747 | |
| Build / train | 61 | |
| ESC pressed | 4 | |
| Enter build submenu | 22 | |
| Enter hero's abilities submenu | 6 | |
| Remove unit from queue | 4 | |
| Right click | 448 | |
| Select / deselect | 296 | |
| Select group hotkey | 341 | |
| Use ability | 70 | |
2001 total
» units
| Peon | 7 | |
| Grunt | 6 | |
| Troll Witch Doctor | 7 | |
| Tauren | 10 | |
| Shaman | 2 | |
| Spirit Walker | 2 | |
34 total
» upgrades
| Armor | 3 | |
| Berserker Strength | 1 | |
| Witch Doctor Training | 2 | |
| Pulverize | 1 | |
| Shaman Training | 2 | |
| Melee Weapons | 2 | |
| Reinforced Defenses | 1 | |
12 total
» buildings
| Altar of Storms | 1 | |
| Orc Burrow | 9 | |
| Barracks | 2 | |
| War Mill | 1 | |
| Stronghold | 1 | |
| Voodoo Lounge | 1 | |
| Watch Tower | 2 | |
| Fortress | 1 | |
| Spirit Lodge | 2 | |
| Tauren Totem | 2 | |
22 total
» build order
00:09 Altar of Storms
00:21 Orc Burrow
00:39 Barracks
00:52 Barracks
01:31 Orc Burrow
01:36 War Mill
01:57 Orc Burrow
02:30 Stronghold
03:09 Voodoo Lounge
03:36 Watch Tower
03:40 Orc Burrow
04:43 Watch Tower
04:57 Fortress
05:02 Spirit Lodge
06:10 Orc Burrow
06:29 Spirit Lodge
07:31 Tauren Totem
07:33 Tauren Totem
07:46 Orc Burrow
09:58 Orc Burrow
09:59 Orc Burrow
10:01 Orc Burrow
» items
| Scroll of Healing | 1 | |
| Scroll of Protection | 1 | |
2 total
N4pst3r2 (
pink | 58 APM | 2403 actions | 41:30)
7 Death Knight
3 Death Coil
3 Unholy Aura
1 Animate Dead
6 Lich
3 Frost Nova
2 Dark Ritual
1 Death and Decay
» actions
| Assign group hotkey | 22 | |
| Basic commands | 9 | |
| Build / train | 60 | |
| Enter build submenu | 18 | |
| Enter hero's abilities submenu | 13 | |
| Give item / drop item | 1 | |
| Remove unit from queue | 4 | |
| Right click | 1222 | |
| Select / deselect | 247 | |
| Select group hotkey | 730 | |
| Use ability | 77 | |
2403 total
» units
| Acolyte | 4 | |
| Ghoul | 4 | |
| Crypt Fiend | 11 | |
| Frost Wyrm | 2 | |
21 total
» upgrades
| Burrow | 1 | |
| Web | 1 | |
| Creature Attack | 3 | |
| Freezing Breath | 1 | |
| Creature Carapace | 2 | |
8 total
» buildings
| Halls of the Dead | 1 | |
| Altar of Darkness | 1 | |
| Ziggurat | 9 | |
| Crypt | 4 | |
| Graveyard | 1 | |
| Tomb of Relics | 1 | |
| Black Citadel | 1 | |
| Sacrificial Pit | 1 | |
| Boneyard | 3 | |
| Spirit Tower | 3 | |
| Necropolis | 1 | |
26 total
» build order
00:35 Halls of the Dead
00:52 Altar of Darkness
01:11 Ziggurat
01:25 Crypt
01:30 Graveyard
01:38 Crypt
01:51 Ziggurat
02:00 Tomb of Relics
02:56 Black Citadel
03:47 Ziggurat
03:48 Ziggurat
03:49 Ziggurat
04:51 Sacrificial Pit
05:42 Boneyard
05:51 Boneyard
06:07 Boneyard
06:32 Ziggurat
06:33 Ziggurat
06:34 Ziggurat
06:34 Ziggurat
16:02 Crypt
16:03 Crypt
17:15 Spirit Tower
17:17 Spirit Tower
17:19 Spirit Tower
36:17 Necropolis
» items
| Dust of Appearance | 1 | |
| Scroll of Town Portal | 4 | |
| Orb of Lightning | 1 | |
| Orb of Corruption | 1 | |
7 total
wCtW]Aero (
orange | 47 APM | 1942 actions | 41:27)
5 Priestess of the Moon
3 Trueshot Aura
2 Scout
» actions
| Assign group hotkey | 5 | |
| Basic commands | 266 | |
| Build / train | 36 | |
| Enter build submenu | 5 | |
| Enter hero's abilities submenu | 5 | |
| Give item / drop item | 4 | |
| Remove unit from queue | 1 | |
| Right click | 1121 | |
| Select / deselect | 368 | |
| Select group hotkey | 27 | |
| Use ability | 104 | |
1942 total
» units
| Wisp | 19 | |
| Blue Dragon Whelp | 1 | |
| Demolisher | 2 | |
| Tauren | 2 | |
24 total
» upgrades
» buildings
| Altar of Elders | 1 | |
| Moon Well | 1 | |
| Tree of Life | 3 | |
5 total
» build order
00:10 Altar of Elders
00:13 Moon Well
03:29 Tree of Life
18:35 Tree of Life
38:13 Tree of Life
» items
| Staff of Teleportation | 1 | |
| Scroll of Protection | 1 | |
| Potion of Healing | 2 | |
4 total
wCtW]Gr0v (
green | 45 APM | 2292 actions | 51:08)
4 Blademaster
2 Wind Walk
2 Critical Strike
» actions
| Assign group hotkey | 10 | |
| Basic commands | 109 | |
| Build / train | 36 | |
| ESC pressed | 3 | |
| Enter build submenu | 6 | |
| Enter hero's abilities submenu | 5 | |
| Give item / drop item | 5 | |
| Right click | 1016 | |
| Select / deselect | 255 | |
| Select group hotkey | 743 | |
| Use ability | 104 | |
2292 total
» units
» buildings
| Altar of Storms | 1 | |
| Orc Burrow | 3 | |
| Stronghold | 1 | |
| Great Hall | 1 | |
6 total
» build order
00:06 Altar of Storms
00:08 Orc Burrow
04:39 Orc Burrow
16:29 Stronghold
16:32 Orc Burrow
30:39 Great Hall
» items
| Staff of Teleportation | 5 | |
| Potion of Lesser Invulnerability | 1 | |
| Boots of Speed | 1 | |
| Orb of Corruption | 1 | |
| Orb of Lightning | 1 | |
9 total
team 2 (winner)
AlasPoorYorick (
yellow | 54 APM | 2740 actions | 51:08)
6 Goblin Tinker
3 Pocket Factory
2 Engineering Upgrade
1 Robo-Goblin
» actions
| Assign group hotkey | 14 | |
| Basic commands | 78 | |
| Build / train | 100 | |
| Enter build submenu | 28 | |
| Enter hero's abilities submenu | 6 | |
| Give item / drop item | 4 | |
| Remove unit from queue | 2 | |
| Right click | 1570 | |
| Select / deselect | 486 | |
| Select group hotkey | 338 | |
| Use ability | 113 | |
2740 total
» units
| Wisp | 59 | |
| Hippogryph | 4 | |
| Dryad | 2 | |
| Chimaera | 6 | |
71 total
» upgrades
| Nature's Blessing | 1 | |
| Ultravision | 1 | |
| Strength of the Wild | 3 | |
| Abolish Magic | 1 | |
| Reinforced Hides | 2 | |
| Well Spring | 1 | |
| Corrosive Breath | 1 | |
10 total
» buildings
| Altar of Elders | 3 | |
| Moon Well | 13 | |
| Ancient of Wonders | 2 | |
| Tree of Ages | 2 | |
| Hunter's Hall | 1 | |
| Tree of Life | 6 | |
| Ancient of Wind | 3 | |
| Ancient of Lore | 2 | |
| Tree of Eternity | 1 | |
| Chimaera Roost | 3 | |
36 total
» build order
00:08 Altar of Elders
00:19 Moon Well
00:48 Moon Well
03:15 Ancient of Wonders
05:07 Tree of Ages
06:14 Hunter's Hall
07:32 Tree of Life
08:09 Ancient of Wind
08:12 Ancient of Wind
08:43 Moon Well
09:16 Moon Well
10:12 Tree of Life
11:43 Tree of Life
12:41 Ancient of Lore
12:46 Ancient of Lore
15:32 Tree of Life
17:31 Moon Well
17:32 Moon Well
17:33 Moon Well
18:43 Moon Well
19:46 Moon Well
20:11 Tree of Life
20:35 Tree of Ages
23:09 Altar of Elders
23:23 Altar of Elders
23:27 Ancient of Wind
24:32 Tree of Eternity
25:32 Moon Well
25:33 Moon Well
25:35 Moon Well
25:36 Moon Well
26:56 Chimaera Roost
26:59 Chimaera Roost
27:04 Chimaera Roost
27:35 Ancient of Wonders
32:58 Tree of Life
» items
| Boots of Speed | 1 | |
| Staff of Teleportation | 2 | |
| Scroll of Town Portal | 2 | |
| Orb of Venom | 1 | |
| Anti-magic Potion | 1 | |
7 total
iNT]DOGANDHORSE (
purple | 106 APM | 5433 actions | 51:08)
6 Blademaster
3 Wind Walk
2 Critical Strike
1 Bladestorm
» actions
| Assign group hotkey | 25 | |
| Basic commands | 9 | |
| Build / train | 115 | |
| Enter build submenu | 55 | |
| Enter hero's abilities submenu | 6 | |
| Give item / drop item | 2 | |
| Remove unit from queue | 35 | |
| Right click | 3124 | |
| Select / deselect | 535 | |
| Select group hotkey | 1393 | |
| Use ability | 134 | |
5433 total
» units
| Peon | 27 | |
| Troll Batrider | 3 | |
| Wind Rider | 8 | |
38 total
» upgrades
| Ranged Weapons | 3 | |
| Reinforced Defenses | 1 | |
| Liquid Fire | 1 | |
| Armor | 1 | |
| Envenomed Spears | 1 | |
7 total
» buildings
| Altar of Storms | 2 | |
| Orc Burrow | 12 | |
| War Mill | 6 | |
| Voodoo Lounge | 2 | |
| Watch Tower | 15 | |
| Stronghold | 5 | |
| Beastiary | 3 | |
| Fortress | 2 | |
| Great Hall | 5 | |
52 total
» build order
00:06 Altar of Storms
00:19 Orc Burrow
00:36 War Mill
02:18 Voodoo Lounge
03:22 Watch Tower
03:39 Voodoo Lounge
04:24 Watch Tower
04:27 Watch Tower
04:28 Watch Tower
04:31 Watch Tower
04:59 Watch Tower
06:10 Orc Burrow
06:27 Orc Burrow
06:52 Stronghold
06:52 Stronghold
06:52 Stronghold
07:36 Orc Burrow
09:22 Beastiary
09:23 Beastiary
09:25 Beastiary
09:32 Fortress
11:19 Watch Tower
11:36 Watch Tower
11:45 Orc Burrow
12:32 Watch Tower
12:47 Watch Tower
14:37 Watch Tower
14:39 Watch Tower
14:40 Watch Tower
18:43 Watch Tower
18:49 Watch Tower
22:04 War Mill
22:06 Orc Burrow
22:07 Orc Burrow
23:21 Orc Burrow
26:38 Great Hall
26:51 Orc Burrow
32:23 Great Hall
35:00 Stronghold
37:49 Altar of Storms
38:54 Fortress
38:57 Great Hall
44:39 War Mill
44:48 War Mill
44:49 War Mill
44:51 War Mill
46:00 Great Hall
46:08 Orc Burrow
46:09 Orc Burrow
47:24 Orc Burrow
49:34 Great Hall
» items
| Healing Salve | 2 | |
| Lesser Clarity Potion | 4 | |
| Staff of Teleportation | 1 | |
| Boots of Speed | 1 | |
| Scroll of Town Portal | 4 | |
| Dust of Appearance | 1 | |
| Orb of Lightning | 1 | |
14 total

»
nutsonYOchin.de (
teal | 95 APM | 4843 actions | 51:08)
7 Death Knight
3 Death Coil
3 Unholy Aura
1 Animate Dead
6 Crypt Lord
3 Impale
2 Spiked Carapace
1 Locust Swarm
» actions
| Assign group hotkey | 32 | |
| Basic commands | 197 | |
| Build / train | 81 | |
| ESC pressed | 3 | |
| Enter build submenu | 37 | |
| Enter hero's abilities submenu | 13 | |
| Give item / drop item | 8 | |
| Right click | 1835 | |
| Select / deselect | 307 | |
| Select group hotkey | 2166 | |
| Use ability | 162 | |
4843 total
» units
| Acolyte | 8 | |
| Ghoul | 2 | |
| Crypt Fiend | 12 | |
| Goblin Zeppelin | 1 | |
| Frost Wyrm | 4 | |
| Obsidian Statue | 7 | |
34 total
» upgrades
| Web | 1 | |
| Burrow | 1 | |
| Creature Attack | 3 | |
| Creature Carapace | 4 | |
| Freezing Breath | 1 | |
| Destroyer Form | 1 | |
11 total
» buildings
| Crypt | 4 | |
| Altar of Darkness | 2 | |
| Ziggurat | 12 | |
| Tomb of Relics | 2 | |
| Graveyard | 2 | |
| Halls of the Dead | 2 | |
| Necropolis | 2 | |
| Black Citadel | 3 | |
| Sacrificial Pit | 1 | |
| Boneyard | 3 | |
| Spirit Tower | 2 | |
| Slaughterhouse | 4 | |
39 total
» build order
00:07 Crypt
00:11 Altar of Darkness
00:27 Ziggurat
00:53 Tomb of Relics
01:26 Graveyard
02:02 Ziggurat
02:44 Halls of the Dead
04:42 Ziggurat
04:46 Necropolis
06:08 Black Citadel
08:21 Sacrificial Pit
08:26 Necropolis
11:03 Boneyard
11:04 Boneyard
11:05 Boneyard
11:34 Ziggurat
11:38 Ziggurat
15:40 Spirit Tower
16:21 Slaughterhouse
16:29 Slaughterhouse
16:35 Slaughterhouse
16:36 Slaughterhouse
18:55 Ziggurat
18:56 Ziggurat
18:57 Ziggurat
19:01 Ziggurat
19:02 Ziggurat
19:06 Ziggurat
19:10 Ziggurat
19:45 Graveyard
19:47 Halls of the Dead
20:28 Tomb of Relics
22:04 Spirit Tower
27:28 Altar of Darkness
30:12 Black Citadel
46:10 Crypt
46:11 Crypt
46:12 Crypt
» items
| Boots of Speed | 2 | |
| Scroll of Town Portal | 8 | |
| Orb of Corruption | 2 | |
| Scroll of Healing | 2 | |
14 total
parastaennen.fi (
blue | 92 APM | 4718 actions | 51:09)
3 Mountain King
2 Storm Bolt
1 Bash
5 Paladin
3 Holy Light
2 Divine Shield
» actions
| Assign group hotkey | 202 | |
| Basic commands | 18 | |
| Build / train | 195 | |
| Enter build submenu | 166 | |
| Enter hero's abilities submenu | 8 | |
| Give item / drop item | 5 | |
| Remove unit from queue | 1 | |
| Right click | 2182 | |
| Select / deselect | 652 | |
| Select group hotkey | 962 | |
| Use ability | 327 | |
4718 total
» units
| Peasant | 57 | |
| Spell Breaker | 8 | |
| Sorceress | 3 | |
| Priest | 4 | |
72 total
» upgrades
| Masonry | 3 | |
| Lumber Harvesting | 2 | |
| Magic Sentry | 1 | |
| Sorceress Training | 2 | |
| Priest Training | 2 | |
| Swords | 1 | |
| Plating | 1 | |
12 total
» buildings
| Altar of Kings | 2 | |
| Lumber Mill | 2 | |
| Farm | 20 | |
| Scout Tower | 138 | |
| Arcane Tower | 3 | |
| Guard Tower | 69 | |
| Keep | 2 | |
| Arcane Vault | 4 | |
| Town Hall | 4 | |
| Castle | 3 | |
| Arcane Sanctum | 7 | |
| Blacksmith | 1 | |
255 total
» build order
00:20 Altar of Kings
00:35 Lumber Mill
00:39 Farm
01:12 Farm
01:37 Scout Tower
01:58 Farm
02:00 Scout Tower
02:08 Scout Tower
02:09 Arcane Tower
02:15 Scout Tower
02:28 Scout Tower
02:36 Guard Tower
02:38 Scout Tower
02:44 Guard Tower
02:52 Guard Tower
02:54 Scout Tower
02:56 Scout Tower
03:00 Scout Tower
03:08 Scout Tower
03:09 Guard Tower
03:23 Guard Tower
03:37 Guard Tower
03:38 Scout Tower
03:45 Guard Tower
03:46 Scout Tower
03:47 Scout Tower
03:50 Guard Tower
03:52 Scout Tower
03:55 Scout Tower
04:12 Scout Tower
04:14 Guard Tower
04:21 Guard Tower
04:22 Scout Tower
04:23 Scout Tower
04:33 Guard Tower
04:34 Scout Tower
04:36 Scout Tower
04:38 Guard Tower
04:40 Guard Tower
04:40 Guard Tower
04:43 Scout Tower
04:55 Scout Tower
04:58 Scout Tower
05:00 Scout Tower
05:29 Guard Tower
05:32 Keep
05:34 Arcane Vault
05:36 Guard Tower
05:38 Scout Tower
05:39 Scout Tower
05:41 Guard Tower
05:42 Scout Tower
05:44 Scout Tower
05:46 Scout Tower
05:54 Guard Tower
05:57 Guard Tower
06:01 Scout Tower
06:03 Scout Tower
06:05 Scout Tower
06:36 Guard Tower
06:38 Scout Tower
06:38 Scout Tower
07:10 Guard Tower
07:11 Arcane Vault
07:30 Town Hall
07:38 Scout Tower
07:39 Scout Tower
07:40 Scout Tower
07:51 Guard Tower
07:52 Scout Tower
07:53 Scout Tower
07:55 Scout Tower
08:08 Farm
08:27 Farm
08:41 Guard Tower
08:44 Scout Tower
08:45 Scout Tower
08:49 Guard Tower
09:12 Guard Tower
09:18 Guard Tower
09:27 Guard Tower
09:30 Scout Tower
09:31 Scout Tower
09:32 Scout Tower
09:33 Scout Tower
09:34 Scout Tower
09:35 Scout Tower
09:41 Scout Tower
09:42 Scout Tower
09:48 Guard Tower
09:50 Scout Tower
09:50 Scout Tower
10:26 Scout Tower
10:27 Scout Tower
10:34 Scout Tower
10:36 Scout Tower
10:37 Scout Tower
10:38 Scout Tower
10:40 Scout Tower
10:42 Guard Tower
10:46 Castle
10:46 Castle
10:52 Guard Tower
10:56 Scout Tower
10:58 Scout Tower
10:59 Scout Tower
11:01 Scout Tower
11:05 Guard Tower
11:17 Arcane Sanctum
11:39 Scout Tower
11:40 Scout Tower
11:41 Scout Tower
11:42 Scout Tower
11:45 Scout Tower
11:46 Scout Tower
11:49 Scout Tower
11:50 Scout Tower
11:51 Scout Tower
11:52 Scout Tower
11:58 Scout Tower
11:58 Scout Tower
12:09 Guard Tower
12:21 Guard Tower
12:26 Guard Tower
12:30 Scout Tower
12:31 Scout Tower
12:33 Guard Tower
12:44 Guard Tower
12:44 Guard Tower
12:44 Guard Tower
12:55 Guard Tower
12:58 Scout Tower
12:59 Guard Tower
13:23 Scout Tower
13:26 Scout Tower
13:28 Scout Tower
13:31 Guard Tower
14:18 Scout Tower
14:19 Scout Tower
14:26 Guard Tower
15:26 Scout Tower
15:28 Scout Tower
15:29 Scout Tower
15:30 Scout Tower
15:30 Scout Tower
15:37 Altar of Kings
15:41 Farm
15:41 Farm
16:00 Scout Tower
16:03 Scout Tower
16:03 Scout Tower
16:04 Scout Tower
16:05 Scout Tower
16:11 Farm
16:15 Farm
16:20 Farm
16:31 Farm
16:34 Lumber Mill
16:41 Scout Tower
16:42 Scout Tower
16:43 Scout Tower
17:15 Scout Tower
17:43 Guard Tower
18:03 Guard Tower
18:15 Guard Tower
18:45 Scout Tower
18:46 Scout Tower
19:37 Town Hall
19:48 Guard Tower
19:53 Scout Tower
19:54 Scout Tower
20:24 Guard Tower
20:25 Guard Tower
20:27 Scout Tower
20:27 Scout Tower
20:28 Scout Tower
20:31 Scout Tower
20:32 Scout Tower
20:52 Guard Tower
20:53 Scout Tower
20:54 Scout Tower
20:58 Guard Tower
21:27 Guard Tower
21:28 Scout Tower
21:29 Scout Tower
21:53 Guard Tower
21:55 Scout Tower
21:56 Scout Tower
22:11 Arcane Tower
23:26 Guard Tower
23:32 Town Hall
23:34 Guard Tower
23:58 Keep
24:16 Arcane Vault
24:37 Scout Tower
25:06 Scout Tower
25:25 Scout Tower
25:25 Guard Tower
25:25 Guard Tower
25:33 Arcane Vault
25:36 Guard Tower
25:41 Scout Tower
25:42 Scout Tower
26:01 Scout Tower
26:01 Scout Tower
26:03 Scout Tower
26:04 Scout Tower
26:08 Guard Tower
26:09 Scout Tower
26:10 Scout Tower
26:11 Guard Tower
26:31 Guard Tower
26:32 Scout Tower
26:34 Scout Tower
26:44 Castle
26:57 Guard Tower
26:59 Scout Tower
27:00 Scout Tower
27:02 Scout Tower
27:03 Scout Tower
27:04 Guard Tower
27:07 Scout Tower
27:08 Scout Tower
27:08 Scout Tower
27:44 Guard Tower
28:10 Guard Tower
28:20 Guard Tower
28:22 Scout Tower
28:22 Scout Tower
29:11 Scout Tower
29:12 Scout Tower
29:24 Scout Tower
29:25 Scout Tower
30:25 Guard Tower
37:41 Arcane Tower
37:49 Town Hall
42:27 Arcane Sanctum
42:41 Farm
42:42 Farm
42:42 Farm
42:43 Farm
42:44 Farm
42:44 Farm
42:45 Farm
42:46 Farm
42:47 Farm
42:52 Arcane Sanctum
42:54 Arcane Sanctum
42:57 Arcane Sanctum
42:59 Blacksmith
43:03 Arcane Sanctum
43:05 Arcane Sanctum
» items
| Boots of Speed | 2 | |
| Staff of Teleportation | 2 | |
| Healing Salve | 3 | |
| Scroll of Regeneration | 3 | |
| Orb of Lightning | 1 | |
| Lesser Clarity Potion | 4 | |
| Scroll of Town Portal | 3 | |
| Staff of Sanctuary | 2 | |
| Orb of Venom | 1 | |
21 total
Chat log
(04:21 / All) nutsonYOchin.de: NEXT TIME USE THE MOUSE WHEEL
(05:26 / Allies) nutsonYOchin.de: gold
(05:30 / All) wCtW]Gr0v: pg
(05:43 / All) iNT]DOGANDHORSE: gentlement
(05:48 / All) parastaennen.fi: you gay n oob?
(05:49 / All) iNT]DOGANDHORSE: can you fill out the From Form please
(05:51 / All) parastaennen.fi: Russian noob?
(05:54 / All) wCtW]Gr0v: )
(05:56 / All) Luaaan: stfu
(05:59 / All) wCtW]Aero:
(10:29 / All) wCtW]Gr0v: pg
(19:00 / All) wCtW]Aero: omfg tards
(20:27 / All) wCtW]Gr0v: are u stupid for real? :S
(20:28 / All) wCtW]Aero: fucking idiots
(20:47 / All) parastaennen.fi: u gays?
(20:56 / All) Luaaan: your father is one
(21:00 / All) Luaaan: retarded noobs
(22:22 / All) parastaennen.fi: noobs?
(28:27 / All) parastaennen.fi: U guys gay?
(28:34 / All) wCtW]Aero: fu tard
(28:46 / All) iNT]DOGANDHORSE: lmao
(28:47 / All) iNT]DOGANDHORSE: where ur base?
(30:07 / Allies) parastaennen.fi: golde
(30:17 / Allies) parastaennen.fi: golde
(31:30 / All) wCtW]Gr0v: nice mh u got
(31:35 / All) parastaennen.fi: u gay noob?
(31:37 / All) parastaennen.fi: quit
(31:39 / All) iNT]DOGANDHORSE: LFMAO
(31:45 / All) iNT]DOGANDHORSE: LMAO
(31:47 / All) iNT]DOGANDHORSE: U LIKE MH?
(31:48 / All) iNT]DOGANDHORSE: OWNED
(31:53 / All) iNT]DOGANDHORSE: FUCK U RUSSIA
(31:59 / All) parastaennen.fi: rutard
(32:29 / All) wCtW]Gr0v: fuck
(32:31 / All) iNT]DOGANDHORSE: fuck
(32:33 / All) iNT]DOGANDHORSE: you lose
(32:33 / All) parastaennen.fi: rutard noob bitch
(32:34 / All) parastaennen.fi: leave
(32:34 / All) iNT]DOGANDHORSE: get out
(32:37 / All) iNT]DOGANDHORSE: nooo-popoooooooobshiti
(32:38 / All) parastaennen.fi: why you so bad
(32:39 / All) wCtW]Gr0v: fu
(32:43 / All) iNT]DOGANDHORSE: lmao!
(32:46 / All) wCtW]Gr0v: your the once who are tarded
(32:48 / All) iNT]DOGANDHORSE: do you even know what "fu" stand for
(32:51 / All) iNT]DOGANDHORSE: "your"
(32:53 / All) iNT]DOGANDHORSE: "once"
(32:55 / All) iNT]DOGANDHORSE: "tarded"
(32:57 / All) iNT]DOGANDHORSE: WOW!
(32:59 / Allies) parastaennen.fi: gold
(33:00 / All) iNT]DOGANDHORSE: LEARN ENGLISH RUSSIAN SHIT
(33:10 / All) wCtW]Gr0v: i just fucked ur mom
(33:11 / All) wCtW]Gr0v: )
(33:45 / All) iNT]DOGANDHORSE: come 2 my church
(33:55 / All) parastaennen.fi: idiot rutard noob
(33:59 / All) AlasPoorYorick: hey
(34:01 / All) AlasPoorYorick: hey
(34:04 / All) AlasPoorYorick: bow
(34:08 / All) parastaennen.fi: owned again idiot
(34:10 / All) parastaennen.fi: why you lose this game
(34:12 / All) parastaennen.fi: u idiot?
(35:05 / All) iNT]DOGANDHORSE: illusion nerd
(35:14 / All) wCtW]Gr0v: maphack n00b
(35:14 / All) parastaennen.fi: did you get what you wanted
(35:19 / All) iNT]DOGANDHORSE: MH own you
(35:20 / All) parastaennen.fi: noob bitch 1v1?
(35:28 / All) parastaennen.fi: 1v1 noobshit?
(35:45 / All) parastaennen.fi: oh no 1 catapult
(35:46 / All) parastaennen.fi: rutard
(35:47 / All) iNT]DOGANDHORSE: leave
(36:54 / All) parastaennen.fi: rutard noob
(36:56 / All) parastaennen.fi: 1v1?
(36:57 / All) parastaennen.fi: 1v1?
(36:58 / Allies) parastaennen.fi: 1v1?
(37:00 / All) parastaennen.fi: 1v1?
(39:04 / All) parastaennen.fi: Owned again rutard bitch
(39:06 / All) parastaennen.fi: Idiot
(39:14 / All) parastaennen.fi: chase my heroes lose your base
(39:14 / All) parastaennen.fi: Idiot
(39:19 / All) wCtW]Gr0v: are u from finland, nigger?
(39:24 / All) wCtW]Aero: nigger
(39:27 / All) nutsonYOchin.de: latvia bitch
(39:28 / All) wCtW]Gr0v: fi
(39:29 / All) wCtW]Gr0v: nigger
(39:33 / All) parastaennen.fi: Lmfao
(39:35 / All) parastaennen.fi: 1v1 noob?
(39:39 / All) wCtW]Gr0v: FI isnt even a country
(39:40 / All) wCtW]Gr0v: nigger
(39:41 / All) wCtW]Aero: stfu finish niggro
(39:48 / All) wCtW]Gr0v: you got black skin
(39:49 / All) wCtW]Gr0v: niggro
(39:58 / All) iNT]DOGANDHORSE: ANGRY?
(40:00 / All) iNT]DOGANDHORSE: ANGRY?"?
(40:12 / All) iNT]DOGANDHORSE: TY for det
(40:13 / All) wCtW]Gr0v: not really
(40:18 / All) wCtW]Gr0v: its just that blue is such a niggro
(41:29 / All) wCtW]Gr0v: NIggro
(41:30 / All) iNT]DOGANDHORSE: BYE
(41:32 / All) nutsonYOchin.de: LOL NIGGRO
(41:32 / All) parastaennen.fi: good game rutard
(41:35 / All) parastaennen.fi: 1v1 bitch?
(41:39 / All) parastaennen.fi: 1v1 you suck
(41:42 / All) wCtW]Gr0v: only thing u can say niggro
(41:50 / All) parastaennen.fi: how about you are terrible at this game leave
(41:53 / All) iNT]DOGANDHORSE: angry?
(41:54 / All) iNT]DOGANDHORSE: you lose
(41:55 / All) iNT]DOGANDHORSE: quit
(41:56 / All) nutsonYOchin.de: solo me green
(42:07 / All) iNT]DOGANDHORSE: angry that your shit feed didn't work?
(42:07 / All) parastaennen.fi: you lose because you are stupid
(42:07 / All) parastaennen.fi: bye
(42:14 / All) iNT]DOGANDHORSE: try a new strat
(42:17 / All) iNT]DOGANDHORSE: maybe you won't lose as bad
(43:19 / All) iNT]DOGANDHORSE: ty noob
(48:59 / All) iNT]DOGANDHORSE: ready to lose siberian landfill collectors?